[Event "20th Delhi GM Open 2023"]
[Site "New Delhi"]
[Date "2023.03.26"]
[Round "6.1"]
[White "Stupak, Kirill"]
[Black "Aravindh, Chithambaram VR."]
[Result "0-1"]
[ECO "D74"]
[WhiteElo "2413"]
[BlackElo "2607"]
[Annotator "TA"]
[PlyCount "108"]
[EventDate "2023.03.23"]
[EventType "swiss"]
[EventCountry "IND"]
[SourceTitle "playchess.com"]
[Source "ChessBase"]
[SourceQuality "1"]
[TimeControl "5400+30"]

1. d4 Nf6 2. c4 g6 3. Nc3 Bg7 4. g3 O-O 5. Bg2 Nc6 6. Nf3 d5 $1 {[%emt 0:00:12] The main line 6...d5 scores better than 6...d6.} 7. cxd5 Nxd5 8. O-O e5 {[%emt 0:00:10][%cal Re5d4] D74: Fianchetto Grünfeld: Main Line (5 Nf3 0-0 6 cxd5 Nxd5 7 0-0).} 9. Nxd5 e4 10. Nd2 Qxd5 {[%emt 0:00:08] The position is equal.} 11. Nxe4 {[%emt 0:00:04][%cal Oe4f6] And now Nf6+! would win.} Qxd4 12. Nc3 Be6 13. Bxc6 bxc6 14. Qxd4 Bxd4 15. Rd1 {[%emt 0:00:03] [#]} c5 $146 ({Predecessor:} 15... Rfd8 16. Bf4 Bb6 {½-½ Schild,R (2155)-Campbell,E (2092) SCO MT-Pyrich S11 email 2018}) 16. Be3 (16. Bf4 $5) 16... Bxe3 17. fxe3 Rab8 18. Rd2 Rb4 19. Rc1 Rfb8 20. Rcc2 Kg7 21. a3 Rc4 22. e4 Rd4 23. Nb1 Rd6 24. e5 Rdd8 25. Rxd8 Rxd8 $11 {[%emt 0:00:00][%mdl 4096] Endgame KRB-KRN} 26. Rd2 {[%emt 0:00:06] Prevents Rd1+} Rb8 27. Nc3 c4 28. Kf2 g5 29. e4 f6 30. exf6+ Kxf6 31. Ke3 Ke5 32. Ne2 Rb3+ 33. Nc3 Rb8 34. Ne2 Rb3+ 35. Nc3 h6 36. Rf2 Rb8 37. Na4 Rb3+ 38. Nc3 c6 39. Rd2 Rb8 40. Na4 Rb3+ 41. Nc3 Bg4 42. h4 gxh4 43. gxh4 Rb8 44. Rd4 (44. Rf2 $11 {keeps the balance.}) 44... Be6 $1 $17 ({Reject} 44... Rxb2 $6 45. Rxc4 Rh2 46. Rxc6 $11) 45. Rd2 {[%emt 0:00:40] [#]} Rg8 $1 {[%emt 0:00:00] Dodges Rg2} 46. Kf3 Rg4 (46... h5 $142 47. a4 a5) 47. Rh2 h5 48. Rg2 Rxh4 {[%emt 0:01:25] Black is more active.} (48... Rxg2 $17 49. Kxg2 Kf4) 49. Rg5+ $15 Kf6 50. Rc5 Rh2 (50... Bd7 $5 ) 51. Kf4 $2 {[%emt 0:00:40][%mdl 8192] [#]} (51. Rxc6 $15 Ke5 52. Rc5+ Kd4 53. Rb5 Bg4+ 54. Kf4 Rf2+ 55. Kg3) 51... Rf2+ $2 ({Stronger than} 51... Rxb2 52. Rxc6 Rf2+ 53. Ke3 $11) ({Better is} 51... h4 $1 $19 {[%cal Rh4h3] aiming for ...h3.} 52. e5+ Kf7 53. Rxc6 Rf2+ 54. Ke3 Rxb2) 52. Ke3 Rxb2 53. Rxh5 Rc2 54. Kd4 {[%emt 0:00:51][%mdl 8192] [#]} (54. Rh6+ $11 Ke5 55. Rh5+ Kd6 56. e5+ Kc5 57. Ne4+ Kb6 58. Rh1 (58. Rh6 Bd5 $17)) 54... c5+ $1 {[%emt 0:00:04][%mdl 512] Weighted Error Value: White=0.33/Black=0.20 (precise)} 0-1

[Event "20th Delhi GM Open 2023"]
[Site "New Delhi"]
[Date "2023.03.26"]
[Round "6.2"]
[White "Mchedlishvili, Mikheil"]
[Black "Paichadze, Luka"]
[Result "1/2-1/2"]
[ECO "E08"]
[WhiteElo "2569"]
[BlackElo "2515"]
[Annotator "TA"]
[PlyCount "26"]
[EventDate "2023.03.23"]
[EventType "swiss"]
[EventCountry "IND"]
[SourceTitle "playchess.com"]
[Source "ChessBase"]
[SourceQuality "1"]
[TimeControl "5400+30"]

1. d4 Nf6 2. c4 e6 3. g3 Bb4+ 4. Bd2 Be7 5. Bg2 d5 6. Nf3 O-O 7. Qc2 c6 8. O-O Nbd7 9. Bf4 Nh5 10. Bc1 Nhf6 11. Bf4 Nh5 12. Bc1 Nhf6 {[%emt 0:00:06] [#]} 13. Bf4 $146 ({Predecessor:} 13. Nbd2 b6 14. e4 Nxe4 15. Nxe4 dxe4 16. Qxe4 Bb7 17. Rd1 Re8 18. Bf4 Qc8 19. Qc2 c5 20. d5 exd5 21. cxd5 Bf6 22. h4 h6 23. Nd2 Bd4 24. Nc4 Nf6 25. Nd6 Qd7 26. Nxb7 Qxb7 {½-½ Ter Sahakyan,S (2585)-Andreikin,D (2735) Wch Blitz Almaty 2022 (2)}) 13... Nh5 $1 {[%emt 0:00:18][%mdl 4] 13...Nh5 is setting a new trend.} 1/2-1/2

[Event "20th Delhi GM Open 2023"]
[Site "New Delhi"]
[Date "2023.03.26"]
[Round "6.3"]
[White "Audi Ameya"]
[Black "Murzin, Volodar"]
[Result "0-1"]
[ECO "B80"]
[WhiteElo "2387"]
[BlackElo "2554"]
[Annotator "TA"]
[PlyCount "114"]
[EventDate "2023.03.23"]
[EventType "swiss"]
[EventCountry "IND"]
[SourceTitle "playchess.com"]
[Source "ChessBase"]
[SourceQuality "1"]
[TimeControl "5400+30"]

1. e4 c5 2. Nf3 d6 3. d4 cxd4 4. Nxd4 Nf6 5. Nc3 a6 6. f3 e6 7. g4 Be7 8. Be3 Nfd7 {[%emt 0:05:01] B80: Sicilian Scheveningen: 6 g3 and 6 Be3, including English Attack.} 9. Qd2 Bh4+ 10. Bf2 Bxf2+ {[%emt 0:03:21] White is slightly better.} 11. Qxf2 Qb6 12. O-O-O Nc6 {[%emt 0:00:46] [#]} 13. f4 $146 ({Predecessor:} 13. Qd2 Nxd4 14. Qxd4 Qxd4 15. Rxd4 Ke7 {½-½ Stojanovski,D (2235)-Tringov,G (2365) Skopje op 1998 (2)}) 13... Nxd4 14. Qxd4 Qxd4 15. Rxd4 Ke7 16. Be2 Rd8 17. Rhd1 $36 {[%emt 0:00:20][%mdl 2048] White is more active.} Nb8 18. Na4 {[%emt 0:06:04] [#] Strongly threatening Nb6.} Nc6 19. Rc4 h6 20. Nb6 Rb8 21. h4 Bd7 22. b4 g5 23. hxg5 (23. fxg5 $16 hxg5 24. h5) 23... hxg5 $14 24. f5 Ne5 $1 25. Rcd4 (25. Rc7 $5) 25... Bc6 26. c4 Rh8 27. b5 Rh2 28. R1d2 ({Reject} 28. bxc6 bxc6 29. c5 dxc5 $15) 28... Be8 ({Black should play} 28... axb5 $11 29. cxb5 Be8) 29. Rxd6 (29. a4 $1 $14) 29... axb5 $11 (29... Rxe2 $5 30. f6+ $8 Kxf6 31. Rxe2 axb5 $15) 30. cxb5 {[%emt 0:00:02] [#]} Rxe2 $1 {[%emt 0:00:12][%mdl 64] Deflection} 31. f6+ Kxf6 32. Rxe2 {[%emt 0:00:04] a4 would be deadly.} Bxb5 33. Rg2 Rh8 {[%emt 0:03:15] Hoping for ...Nd3+.} 34. a4 Rh1+ 35. Kc2 (35. Rd1 $1 $11 Rxd1+ 36. Kxd1) 35... Bc6 $17 {[%emt 0:00:20] Black is more active.} 36. Nd5+ $2 {[%emt 0:02:38][%mdl 8192] This costs White the game.} (36. Rd4 $17) 36... Bxd5 $19 37. exd5 {[%emt 0:00:04][%mdl 4096] Endgame KRR-KRN} Nc4 38. Rf2+ Ke7 39. dxe6 Nxd6 (39... Kxd6 $2 40. exf7 Ne3+ 41. Kc3 $18) 40. exf7 Nxf7 {[%emt 0:00:02] KRN-KR} 41. Rf5 Rh6 42. Rb5 b6 43. Kd3 Rf6 {[%emt 0:01:46] Threatens to win with ...Rf4.} 44. Ke3 Kf8 45. a5 bxa5 46. Rxa5 Kg7 47. Rb5 Kg6 48. Rb4 Ne5 49. Re4 Re6 50. Ke2 Kf6 51. Kf1 Rc6 52. Ra4 Rc4 53. Ra6+ Kf7 54. Ra5 Ke6 ({Stronger than} 54... Nxg4 55. Rxg5 Ke6 56. Kg2 $15) 55. Ra6+ Kd5 56. Kg2 Rxg4+ 57. Kh3 Rc4 {[%emt 0:00:19] Weighted Error Value: White=0.70/Black=0.18 (very precise)} 0-1

[Event "20th Delhi GM Open 2023"]
[Site "New Delhi"]
[Date "2023.03.26"]
[Round "6.4"]
[White "Savchenko, Boris"]
[Black "Neelash Saha"]
[Result "0-1"]
[ECO "D56"]
[WhiteElo "2552"]
[BlackElo "2444"]
[Annotator "TA"]
[PlyCount "53"]
[EventDate "2023.03.23"]
[EventType "swiss"]
[EventCountry "IND"]
[SourceTitle "playchess.com"]
[Source "ChessBase"]
[SourceQuality "1"]
[TimeControl "5400+30"]

1. Nf3 d5 2. d4 Nf6 3. c4 e6 4. Nc3 Be7 5. Bg5 h6 6. Bh4 O-O 7. e3 Ne4 8. Bg3 Nxg3 {[%emt 0:07:44] D56: Queen's Gambit Declined: Lasker Defence.} (8... Bb4 {seems wilder.} 9. Rc1 c5 10. Bd3 cxd4 11. exd4 Bxc3+ 12. bxc3 Nxg3 13. fxg3 dxc4 14. Bxc4 b6) 9. hxg3 c6 {[%emt 0:00:03] [#]} 10. g4 $146 ({Predecessor:} 10. Bd3 dxc4 11. Bxc4 Nd7 12. Rc1 c5 13. O-O cxd4 14. exd4 Nf6 15. Ne5 Bd7 16. Qb3 {1-0 L'Ami,E (2618)-Cyborowski,L (2510) Bundesliga 1415 2014 (14.2)}) 10... Nd7 {[%emt 0:00:09] White has an edge.} 11. g3 {[%emt 0:00:43] [#]} (11. Qc2 $11 {remains equal.}) 11... Re8 (11... dxc4 $1 $17 12. Bxc4 b5) 12. cxd5 ({White should try} 12. Qc2 $11) 12... exd5 $15 13. Be2 Nf8 14. Nh4 Bxh4 15. gxh4 f5 16. Rc1 Qf6 (16... fxg4 {with more complications.} 17. Bxg4 Nh7 18. Kd2 Nf6) 17. gxf5 (17. g5 $15 hxg5 18. hxg5 Qxg5 19. Kd2) 17... Bxf5 $17 18. Rh2 Re7 {[%emt 0:02:39] Black is more active.} 19. Na4 (19. Bh5 $17) 19... Rae8 $19 20. Bh5 Bg6 {[%emt 0:00:41] ...Bxh5 would be deadly.} 21. Kd2 Re4 {[%emt 0:13:06][%cal Oe4d4] aiming for ...Rxd4+!} 22. Kc3 {[%emt 0:03:40] [#] White does not recover from this.} (22. Bxg6 $17 Nxg6 23. Kc2) 22... Rxe3+ $1 {[%emt 0:00:57][%mdl 512] Black is clearly winning.} 23. fxe3 Rxe3+ 24. Kb4 Bxh5 {[%emt 0:01:31] White is weak on the light squares} 25. Qd2 Qe7+ 26. Nc5 b6 {[%emt 0:00:07][%mdl 64] Pin} 27. Ra1 {[%emt 0:00:17] A cool game by Neelash Saha.   Weighted Error Value: White=0.54/Black=0.15 (very precise)} 0-1

[Event "20th Delhi GM Open 2023"]
[Site "New Delhi"]
[Date "2023.03.26"]
[Round "6.5"]
[White "Krasenkow, Michal"]
[Black "Madaminov, Mukhiddin"]
[Result "1/2-1/2"]
[ECO "D87"]
[WhiteElo "2527"]
[BlackElo "2436"]
[Annotator "TA"]
[PlyCount "129"]
[EventDate "2023.03.23"]
[EventType "swiss"]
[EventCountry "IND"]
[SourceTitle "playchess.com"]
[Source "ChessBase"]
[SourceQuality "1"]
[TimeControl "5400+30"]

1. d4 Nf6 2. c4 g6 3. Nc3 d5 4. cxd5 Nxd5 5. e4 Nxc3 6. bxc3 Bg7 7. Bc4 c5 8. Ne2 Nc6 9. Be3 O-O 10. Rc1 cxd4 11. cxd4 Qa5+ 12. Kf1 {[%emt 0:00:03] 12.Rc3 injects fresh life into this line.} Qa3 13. Rc3 {[%emt 0:00:30] D87: Exchange Grünfeld: Classical Line: Variations without ...cxd4.} Qd6 14. h4 Be6 15. h5 {[%emt 0:05:54] [#]} Bxc4 $146 ({Black should try} 15... Nxd4 $15 16. Bxd4 Bxc4 17. Rxc4 e5) ({Predecessor:} 15... Nxd4 16. Bxd4 Bxc4 17. Rxc4 e5 18. h6 Bf6 19. f4 exd4 20. e5 Qe6 21. Qb3 Bd8 22. Nxd4 {½-½ Macchiagodena,M (2270)-Sun,W (2269) W-ch WS/M/640 email 2017}) 16. Rxc4 $11 Rad8 17. Qc1 Ne5 {[%mdl 64] [#] Back Rank} 18. Bf4 {[%emt 0:18:28][%mdl 64] Pin} (18. dxe5 $2 Qd1+ 19. Qxd1 Rxd1#) 18... Qe6 19. Bxe5 (19. dxe5 $2 {perishes.} Qxc4 20. Rh2 Qxe4 $19) 19... Bxe5 20. hxg6 hxg6 21. Rh3 (21. dxe5 $2 {is the wrong capture.} Qxc4 22. g3 Qxe4 $19) 21... Bg7 22. e5 b5 23. Rc6 Qxa2 24. Ra3 Qd5 25. Rxa7 e6 (25... Bxe5 $2 26. Rc5 $18) 26. Qc2 {[%emt 0:10:56] And now Rc5 would win.} Ra8 27. Rcc7 (27. Rc5 $5 Rxa7 28. Rxd5 Ra1+ 29. Nc1 exd5 30. g3 $11) 27... Rxa7 28. Rxa7 b4 29. Qc7 $1 Bh6 30. f4 $1 g5 31. Qb7 Qb3 32. fxg5 (32. Qf3 {simplifies} Qxf3+ 33. gxf3 Rb8 34. fxg5 Bxg5 35. f4) 32... Qb1+ 33. Kf2 Bxg5 {[%emt 0:00:10] ...Bd2 is the strong threat.} 34. Qf3 ({White should play} 34. Ra3 $1 $15) 34... f6 (34... b3 $17 {Threatens to win with ...b2.} 35. Rb7 b2) 35. Ra8 $15 Rxa8 (35... b3 $1 $15 36. exf6 Rxa8 37. Qxa8+ Kf7 38. Qb7+ Kxf6) 36. Qxa8+ {[%emt 0:00:01][%mdl 4096] Endgame KQB-KQN} Kf7 {[%emt 0:01:53] ...Bd2 would be deadly.} 37. Qb7+ Kg6 {[%emt 0:00:19] White must now prevent ...Bd2.} 38. Qb8 Qf5+ 39. Ke1 Qb1+ 40. Kf2 Kg7 41. Qb7+ Kh6 42. Qb8 (42. Qf3 Kg6 43. Qa8 Kg7) 42... Qf5+ 43. Ke1 Qb1+ 44. Kf2 Qf5+ 45. Ke1 fxe5 46. Qxb4 e4 47. Qc5 Qf7 (47... Qf6 {simplifies} 48. Qe5 Qxe5 49. dxe5 Kg6) 48. Qe5 e3 49. Qg3 {[%emt 0:00:17] Inhibits Qf2+.} Qf8 (49... Qf5 $5 50. Qh3+ $8 Kg6 51. Qxf5+ Kxf5 $11) 50. Qh2+ Kg6 51. g4 {[%emt 0:01:02] [#]} Qa8 (51... Qf3 $1 $17 52. Qh5+ Kf6) 52. Nf4+ $11 {[%emt 0:01:26] The position is equal.} Bxf4 (52... Kf6 $5 53. Nh5+ $8 Kf7 54. Qc7+ Be7 $11) 53. Qxf4 {[%emt 0:00:05] KQ-KQ} Qa5+ 54. Kf1 Qb5+ 55. Kg2 $1 Qe2+ 56. Kh3 Qd3 {[%emt 0:00:23] ( -> ...e2+)} 57. Kg3 Qd2 58. Qe4+ Kf7 {[%emt 0:00:02] Strongly threatening ...Qf2+.} 59. Qf4+ Ke8 60. Qb8+ Kd7 61. Qb5+ Kc7 62. Qc5+ Kb7 63. Qb5+ Ka7 64. Qc5+ Ka6 {[%emt 0:00:08] aiming for ...Qf2+.} 65. Kf3 {[%emt 0:00:40] Weighted Error Value: White=0.06 (flawless) /Black=0.07 (flawless)} 1/2-1/2

[Event "20th Delhi GM Open 2023"]
[Site "New Delhi"]
[Date "2023.03.26"]
[Round "6.6"]
[White "Sethuraman, S.P."]
[Black "Viani Antonio Dcunha"]
[Result "0-1"]
[ECO "D11"]
[WhiteElo "2639"]
[BlackElo "2386"]
[Annotator "TA"]
[PlyCount "50"]
[EventDate "2023.03.23"]
[EventType "swiss"]
[EventCountry "IND"]
[SourceTitle "playchess.com"]
[Source "ChessBase"]
[SourceQuality "1"]
[TimeControl "5400+30"]

1. d4 d5 2. c4 c6 3. Nf3 Nf6 4. Qc2 g6 5. Bf4 Bg7 6. e3 Bf5 {[%emt 0:03:35] D11: Slav Defence: 3 Nf3 sidelines and 3...Nf6 4 e3 Bg4.} 7. Bd3 Bxd3 8. Qxd3 Nbd7 {[%emt 0:07:41] The position is equal.} 9. Nc3 Rc8 10. O-O O-O 11. Rfd1 {[%emt 0:08:40] [#]} a6 $146 ({Predecessor:} 11... Qa5 12. Ne5 Nxe5 13. Bxe5 Rfd8 14. Rac1 e6 15. c5 b6 16. cxb6 axb6 17. a4 Nd7 {½-½ Mandl,R (2390)-Stangl,M (2505) Dortmund op-A 1993 (3)}) 12. Rac1 b5 13. b3 dxc4 14. bxc4 Nb6 15. c5 Nc4 16. Ne5 $2 {[%emt 0:04:52] [#] This move loses the game for White.} (16. Qe2 $11 {and White stays safe.}) 16... Nb2 $1 $19 17. Qc2 Nxd1 18. Rxd1 Nh5 19. h4 Nxf4 20. exf4 Bxe5 21. dxe5 (21. fxe5 $142 Qd7 22. Ne4) 21... Qc7 22. h5 Rcd8 ({Not} 22... gxh5 23. Ne4 f6 24. exf6 $15) 23. Re1 Qd7 ({Weaker is} 23... gxh5 24. Qf5 $17) 24. Qb3 (24. Ne4 {keeps fighting.}) 24... Qd2 25. Re3 Rd3 {[%emt 0:00:20] Weighted Error Value: White=0.45/Black=0.05 (flawless)} 0-1

[Event "20th Delhi GM Open 2023"]
[Site "New Delhi"]
[Date "2023.03.26"]
[Round "6.7"]
[White "Ramakrishna, J.."]
[Black "Pantsulaia, Levan"]
[Result "0-1"]
[ECO "A43"]
[WhiteElo "2053"]
[BlackElo "2597"]
[Annotator "TA"]
[PlyCount "74"]
[EventDate "2023.03.23"]
[EventType "swiss"]
[EventCountry "IND"]
[SourceTitle "playchess.com"]
[Source "ChessBase"]
[SourceQuality "1"]
[TimeControl "5400+30"]

1. d4 c5 2. d5 g6 3. e4 Bg7 4. Nf3 d6 5. Bb5+ Bd7 6. Bxd7+ Nxd7 7. a4 Ngf6 8. Nc3 O-O 9. O-O a6 10. Re1 {[%emt 0:00:07] A43: Schmid Benoni.} Ne8 11. Bf4 {[%emt 0:04:17] [#]} Nb6 $146 ({Predecessor:} 11... Nc7 12. Qd3 Rc8 13. e5 dxe5 14. Nxe5 Nf6 15. Rad1 e6 16. Nxf7 Rxf7 17. dxe6 Nxe6 18. Rxe6 Qxd3 19. Rxd3 {1-0 Mihajlovskij,S (2429)-Oleksienko,M (2497) Minsk Inautomarket op 2006 (8)}) 12. Qd3 {[%emt 0:04:22] White is slightly better.} Nc7 13. a5 Nc8 14. e5 b5 {[%emt 0:02:15] Black is weak on the dark squares} 15. axb6 Nxb6 16. Rad1 a5 (16... Qd7 $14) 17. exd6 (17. h4 $16) 17... exd6 $11 18. Ne4 ({Better is} 18. Ng5 $14) 18... c4 ({Black should play} 18... Na4 $1 $15 19. Qb3 (19. Bxd6 Nxb2 20. Qf1 Re8 $15) 19... Nxb2) 19. Qa3 (19. Qd2 $11) 19... Ncxd5 (19... Nb5 $15 20. Qe3 Re8) 20. Bxd6 Re8 21. Bc5 {[%emt 0:11:58] [#] aiming for Bxb6.} Qc7 22. Bd4 Re7 23. Bxg7 Kxg7 24. Nc3 Rxe1+ 25. Rxe1 Nb4 26. Nb5 Qc5 27. Qc3+ (27. Re5 $5 N6d5 28. Nfd4 $14) 27... Kg8 28. Nbd4 N4d5 29. Qd2 (29. Qa3 $1 $11 {remains equal.} Qxa3 30. bxa3) 29... c3 $17 30. bxc3 Qxc3 31. Qc1 (31. Rb1 $17) 31... a4 $19 32. Nb5 Qb4 $36 {[%emt 0:02:03][%mdl 2048] White is under strong pressure.} 33. Na3 Nc4 {[%emt 0:00:49] Repels Ne5} 34. Nxc4 Qxc4 35. h4 $2 {[%emt 0:01:14] [#]} (35. Qa3 {keeps fighting.}) 35... a3 {[%emt 0:00:32] And now ...Nb4 would win.} 36. h5 a2 ({Not} 36... gxh5 37. Qg5+ Kh8 38. Qf5 $11) 37. Qa1 Qxc2 {[%emt 0:01:26] Weighted Error Value: White=0.30/Black=0.13 (very precise)} 0-1

[Event "20th Delhi GM Open 2023"]
[Site "New Delhi"]
[Date "2023.03.26"]
[Round "6.8"]
[White "Patil Harshal"]
[Black "Kobalia, Mikhail"]
[Result "0-1"]
[ECO "A89"]
[WhiteElo "2023"]
[BlackElo "2577"]
[Annotator "TA"]
[PlyCount "70"]
[EventDate "2023.03.23"]
[EventType "swiss"]
[EventCountry "IND"]
[SourceTitle "playchess.com"]
[Source "ChessBase"]
[SourceQuality "1"]
[TimeControl "5400+30"]

1. d4 f5 2. c4 Nf6 3. Nc3 d6 4. Nf3 g6 5. g3 Bg7 6. Bg2 O-O 7. O-O Nc6 8. d5 Ne5 9. Nxe5 dxe5 10. e4 f4 11. c5 {[%emt 0:00:19] A89: Dutch Defence: Leningrad System: 5 Nf3 0-0 6 0-0 d6 7 Nc3 Nc6.} g5 12. b4 Qe8 13. a4 {[%emt 0:01:10] White is slightly better.} a6 {[%emt 0:02:55] [#] Prevents Nb5} 14. Bb2 $146 (14. Rb1 $14) ({Predecessor:} 14. b5 Qf7 15. c6 bxc6 16. bxc6 Ng4 17. h3 f3 18. hxg4 Bxg4 19. Bh1 Qh5 20. Qd2 {0-1 Wisskirchen,A (2266)-Noetzel,F (2274) Oberliga NRW 0304 2003 (2.4)}) 14... g4 (14... Qg6 $11 {feels stronger.}) 15. Re1 $1 $14 f3 16. Bf1 h5 $1 17. Qb3 Kh8 (17... h4 $11) 18. Nd1 Nh7 19. Ra2 {[%emt 0:06:46] [#]} (19. c6 $16) 19... h4 $1 $15 20. Bc3 Qh5 21. Rc2 Ng5 {[%emt 0:05:55] Threatens to win with ...hxg3.} 22. Kh1 Bd7 23. b5 axb5 24. axb5 {[%emt 0:00:04] [#]} Qh7 $1 {[%emt 0:16:52] Hoping for ...hxg3.} 25. Bd3 hxg3 26. fxg3 {[%emt 0:00:02] [#]} f2 $1 {[%emt 0:00:23] Some like it hot. Black is more active.} 27. Nxf2 (27. Rxf2 $17 {was worth a try.} Rxf2 {[%mdl 64] Remove Defender} 28. Nxf2) 27... Nf3 $1 $40 {[%emt 0:00:46][%csl Gf3,LRe1,LRh2][%cal Rh7h2][%mdl 128] Black attacks with force.} 28. h4 (28. Nd1 Nxe1 29. Bxe1) 28... Nxh4 (28... gxh3 29. Rf1 $19) 29. gxh4 (29. Nxg4 $142 Nf3+ {[%mdl 64] Discovered Attack} 30. Nh2 Nxe1 31. Bxe1) 29... g3 ({And not} 29... Qxh4+ 30. Kg2 (30. Nh3 $2 g3 $19) 30... Rf3 31. Rh1 $19) 30. Nd1 Qxh4+ (30... Rf4 $142 31. Bxe5 Rxh4+ 32. Kg2 Bxe5 33. Bf1 Rf8 34. Qf3 Rh2+ {[%mdl 64] Skewer, Deflection} 35. Kg1 Rxf3 36. Bg2 Bd4+ 37. Nf2 Rh1+ {[%mdl 64] Skewer, Decoy} 38. Bxh1 Qh2+ {[%mdl 64] Pin} 39. Kf1 Rxf2+ 40. Rxf2 Qxf2#) 31. Kg1 Rf6 {[%emt 0:00:27] ( -> ...Rh6)} 32. Bxe5 Rh6 {[%emt 0:05:18][%csl Gh6][%cal Rh4h1] Black mates.} 33. Bxg7+ Kxg7 34. Qb2+ Kg8 35. Nf2 gxf2+ {[%emt 0:00:22] Artfully played by Kobalia.   Weighted Error Value: White=0.80/Black=0.21 (precise)} 0-1

[Event "20th Delhi GM Open 2023"]
[Site "New Delhi"]
[Date "2023.03.26"]
[Round "6.9"]
[White "Stany, G.A."]
[Black "Goutham Krishna H"]
[Result "0-1"]
[ECO "B53"]
[WhiteElo "2494"]
[BlackElo "1990"]
[Annotator "TA"]
[PlyCount "78"]
[EventDate "2023.03.23"]
[EventType "swiss"]
[EventCountry "IND"]
[SourceTitle "playchess.com"]
[Source "ChessBase"]
[SourceQuality "1"]
[TimeControl "5400+30"]

1. e4 c5 2. Nf3 d6 3. d4 cxd4 4. Qxd4 a6 5. Be2 Nf6 6. O-O {[%emt 0:01:56] B53: Sicilian: 2...d6: Lines with Qxd4.} Nc6 7. Qe3 g6 8. h3 {[%emt 0:04:22] The position is equal.} Bg7 9. c4 O-O 10. Nc3 Rb8 11. Rb1 {[%emt 0:01:32] is the legacy move (11.Rd1).} Be6 12. Rd1 Nd7 13. Ng5 {[%emt 0:18:59] [#]} h6 $146 ({Predecessor:} 13... a5 14. a3 Nc5 15. b4 axb4 16. axb4 Nd7 17. c5 dxc5 18. bxc5 Qc8 19. Nxe6 fxe6 {½-½ Qin,K (2465)-Hou,Y (2549) CHN-chT Torch Real Estate Cup 2008 (9)}) 14. Nxe6 fxe6 15. Bg4 e5 16. Ne2 Rf6 17. h4 h5 18. Bh3 a5 $1 19. b3 Nc5 $1 20. a3 a4 $1 21. b4 Nb3 22. Bb2 Ra8 ({Black should play} 22... Kh7 $11) 23. c5 Kh7 24. Bc3 (24. f4 $14 Bh6 25. Rd5) 24... Qc7 $11 25. cxd6 Rxd6 26. Rd5 (26. Rxd6 $11 {remains equal.} Qxd6 27. b5) 26... Rad8 (26... Ncd4 $17 27. Ng3 Nc2) 27. Rbd1 (27. g4 $5 ) 27... Ncd4 {[%emt 0:01:17][%mdl 64] [#] X-Ray Attack} 28. Bxd4 exd4 (28... Nxd4 $15 {feels stronger.} 29. Nxd4 exd4) 29. Qd3 $1 e5 30. Rxd6 Rxd6 31. f4 Bh6 32. Rf1 $2 (32. fxe5 $11 Be3+ 33. Kh1) 32... exf4 $17 {[%emt 0:03:12][%cal Of4f3] ...f3! is the strong threat.} 33. e5 Rd8 (33... Rd5 $17 34. Nxf4 Bxf4 35. Rxf4 Rxe5) 34. Nxf4 $11 Bxf4 (34... Qxe5 {leads to mate.} 35. Qxg6+ Kh8 36. Qxh6+ Kg8 37. Be6+) 35. Rxf4 {[%emt 0:00:03] Black must now prevent Rf6.} Qxe5 36. Rf7+ (36. Re4 $1 $11 {and White has nothing to worry.} Qg7 37. Re6) 36... Kh6 $19 {[%emt 0:00:06] ...Nc1 would be deadly.} 37. Rxb7 {[%emt 0:00:51] [#]} (37. Qf3 $142) 37... Nc1 $1 38. Qf3 (38. Qd2+ $19 Qe3+ 39. Qxe3+ dxe3 40. g4 (40. Re7 $2 Rd1+ 41. Kh2 e2 $19) 40... hxg4 41. Bxg4) 38... Qe1+ 39. Kh2 Ne2 {[%emt 0:00:24] Weighted Error Value: White=0.38/Black=0.18 (very precise)} (39... Qxh4 $2 40. g3 Qg5 41. Qf7 $18) 0-1

[Event "20th Delhi GM Open 2023"]
[Site "New Delhi"]
[Date "2023.03.27"]
[Round "7.1"]
[White "Aravindh, Chithambaram VR."]
[Black "Neelash Saha"]
[Result "1/2-1/2"]
[ECO "E05"]
[WhiteElo "2607"]
[BlackElo "2444"]
[Annotator "TA"]
[PlyCount "60"]
[EventDate "2023.03.23"]
[EventType "swiss"]
[EventCountry "IND"]
[SourceTitle "playchess.com"]
[Source "ChessBase"]
[SourceQuality "1"]
[TimeControl "5400+30"]

1. g3 d5 2. Nf3 Nf6 3. Bg2 e6 4. O-O Be7 5. c4 O-O 6. d4 dxc4 7. Qc2 b5 8. a4 {[%emt 0:00:12] E05: Open Catalan: 5 Nf3 Be7.} b4 {[%emt 0:00:04] 8...Bb7 injects fresh life into this line.} 9. Nfd2 c6 10. Nxc4 Qxd4 11. Rd1 Qc5 12. Be3 Qh5 13. Nbd2 Ng4 14. Nf1 Nxe3 15. Nfxe3 a5 16. Rac1 Ra7 {[%emt 0:01:15] [#]} 17. Qe4 $146 ({Predecessor:} 17. b3 Ba6 18. Qe4 c5 19. Qc2 Bd8 20. Bf3 Qg6 21. Be4 Qh5 22. Kg2 Nd7 23. f4 {1-0 Palladino,M (2219)-Sileika,A (2119) W-ch WS/M/773 email 2020}) 17... Qg6 18. Qf4 Ba6 19. h4 c5 20. Rd2 {[%emt 0:02:37] Black is weak on the light squares} Qf6 21. Qe4 (21. Qxf6 {simplifies} Bxf6 22. Nxa5 Rd8 23. Rxd8+ Bxd8 24. Nb3) 21... Bb7 22. Ng4 Bxe4 {[%emt 0:05:04] A strong pair of Bishops.} (22... Qxb2 $5 23. Nxb2 (23. Rxb2 Bxe4 24. Bxe4 f5 $15) 23... Bxe4 24. Bxe4 f5 $11) 23. Nxf6+ {[%emt 0:00:05] The position is equal.} gxf6 24. Bxe4 Rd8 25. Rxd8+ Bxd8 26. Nd6 Rd7 27. Nb7 Bb6 28. Nxc5 Rc7 29. Nd3 Rxc1+ 30. Nxc1 Nd7 {[%emt 0:00:33] An uneventful encounter.   Weighted Error Value: White=0.06 (flawless) /Black=0.03 (flawless)} 1/2-1/2